 Dungeon Crawl Stone Soup version 0.28-a0-683-ga8797d1ae1 (webtiles) character file.

Game seed: 4163007702680553375

490 runemasterragnar the Chopper (level 7, 0/49 HPs)
             Began as a Formicid Abyssal Knight on Oct 19, 2021.
             Was a Priest of Lugonu.
             Slain by an ice beast (14 damage)
             ... on level 6 of the Dungeon.
             The game lasted 00:08:34 (6363 turns).

runemasterragnar the Chopper (FoAK)                 Turns: 6363, Time: 00:08:34

Health: 0/49       AC:  8    Str: 19    XL:     7   Next: 36%
Magic:  10/10      EV: 11    Int: 10    God:    Lugonu [***...]
Gold:   213        SH:  0    Dex: 11    Spells: 6/6 levels left

rFire   . . .      SeeInvis +   a - +1 hand axe
rCold   . . .      Faith    .   (no shield)
rNeg    + . .      Spirit   .   k - +1 ring mail
rPois   .          Reflect  .   (helmet unavailable)
rElec   .          Harm     .   (no cloak)
rCorr   .          Rampage  .   (no gloves)
Will    .....                   (no boots)
Stlth   +.........              (no amulet)
HPRegen 0.16/turn               h - +4 ring of slaying
MPRegen 0.12/turn               n - ring of positive energy

@: no status effects
A: permanent stasis, dig shafts and tunnels, antennae 3, four strong arms,
iridescent scales 1, frail 1
a: Dig, Shaft Self, Renounce Religion, Depart the Abyss, Bend Space, Banish


You were on level 6 of the Dungeon.
You worshipped Lugonu.
Lugonu was most pleased with you.
You visited 1 branch of the dungeon, and saw 6 of its levels.
You visited the Abyss 1 time.
You also visited: Ossuary.

You collected 213 gold pieces.

Inventory:

Hand Weapons
 a - a +1 hand axe (weapon)
Missiles
 j - 38 poisoned darts
Armour
 k - a +1 ring mail (worn)
Jewellery
 b - a ring of wizardry
 h - a +4 ring of slaying (left hand)
 n - a ring of positive energy (right hand)
Wands
 l - a wand of flame (19)
Scrolls
 d - a scroll of acquirement {unknown}
 e - a scroll of noise {unknown}
 f - a scroll of fog {unknown}
 g - a scroll of amnesia
 i - a scroll of identify
 m - a scroll of immolation {unknown}
Potions
 c - a potion of brilliance


   Skills:
 + Level 4.5 Fighting
 * Level 4.7 Axes
 + Level 3.8 Armour
 + Level 2.6 Dodging
 + Level 4.0 Invocations


You had 6 spell levels left.
You didn't know any spells.
Your spell library contained the following spells:

 Spells                   Type           Power      Damage    Failure   Level
 Beastly Appendage        Tmut           0%         N/A       54%         1
 Wereblood                Tmut           0%         N/A       67%         2
 Ignite Poison            Fire/Tmut/Pois 0%         N/A       88%         3
 Mephitic Cloud           Conj/Pois/Air  0%         N/A       88%         3
 Spider Form              Tmut/Pois      0%         N/A       88%         3
 Freezing Cloud           Conj/Ice/Air   0%         6-21      100%        5
 Manifold Assault         Tloc           0%         N/A       100%        5
 Storm Form               Tmut/Air       0%         N/A       100%        7
 Blink                    Tloc           Unusable   N/A       N/A         2

Dungeon Overview and Level Annotations

Branches:
Dungeon (6/15)            Ossuary (visited)
 Temple: D:4-7

Altars:
Zin

Shops:
D:3 [*:*

Annotations:
D:5 Edmund


Innate Abilities, Weirdness & Mutations

You cannot be hasted, slowed, berserked, paralysed or teleported.
You can dig through walls and to a lower floor.
You have a pair of large antennae on your head. (SInv)
Your four strong arms can wield two-handed weapons with a shield.
You are partially covered in iridescent scales. (AC +2)
You are frail. (-10% HP)


Message History

Press: ? - help, Shift-Dir - straight line, f/p - ice beast
Aim: an ice beast (chance to affect: 83%)
You fail to use your ability.
The ice beast hits you but does no damage.
Press: ? - help, Shift-Dir - straight line, f/p - ice beast
Aim: an ice beast (chance to affect: 83%)
You fail to use your ability.
The ice beast barely misses you.
Unknown command.
Press: ? - help, Shift-Dir - straight line, f/p - ice beast
Aim: an ice beast (chance to affect: 83%)
You fail to use your ability.
The ice beast hits you but does no damage.
Unknown command.
Press: ? - help, Shift-Dir - straight line, f/p - ice beast
Aim: an ice beast (chance to affect: 83%)
You fail to use your ability.
The ice beast closely misses you.
Unknown command.
Press: ? - help, Shift-Dir - straight line, f/p - ice beast
Aim: an ice beast (chance to affect: 83%)
You fail to use your ability.
The ice beast hits you but does no damage.
Unknown command.
You hit the ice beast.
The ice beast is lightly wounded.
The ice beast barely misses you.
You barely miss the ice beast.
The ice beast is lightly wounded.
The ice beast hits you. The ice beast freezes you.
You slash the ice beast!
The ice beast is moderately wounded.
The ice beast misses you.
You barely miss the ice beast.
The ice beast is moderately wounded.
The ice beast hits you but does no damage.
You closely miss the ice beast.
The ice beast is moderately wounded.
The ice beast hits you.
* * * LOW HITPOINT WARNING * * *
The ice beast freezes you!
You die...

...... #.#..
.######.#..
........#.
.........#
........#
#....#
#..Y@######
#.#.#.......
# #<........
#.########
#.# ###


You could see an ice beast.

Vanquished Creatures
  A phantom (D:4)
  2 centaur zombies (Ossuary)
  A hound (D:4)
  A jelly (D:5)
  A centaur skeleton (D:5)
  A mummy (Ossuary)
  4 gnolls
  10 adders
  An ufetubus (D:4)
  An adder skeleton (D:4)
  A worm (D:4)
  2 dart slugs
  6 orcs
  7 ball pythons
  8 bats
  7 endoplasms
  4 giant cockroaches
  8 goblins
  4 hobgoblins
  6 kobolds
  5 quokkas
  3 frilled lizards
  A goblin zombie (D:4)
  10 hobgoblin zombies (Ossuary)
  A jackal zombie (Ossuary)
  5 kobold zombies (Ossuary)
  5 orc zombies (Ossuary)
  9 rats
  A rat zombie (D:4)
116 creatures vanquished.

Notes
Turn   | Place    | Note
-------+----------+-------------------------------------------
     0 | Abyss:1  | runemasterragnar the Formicid Abyssal Knight began the
                  | quest for the Orb.
     0 | Abyss:1  | Reached XP level 1. HP: 18/18 MP: 2/2
    75 | Abyss:1  | Noticed a balrug
    75 | Abyss:1  | Noticed a starcursed mass
    77 | Abyss:1  | Noticed a guardian serpent
    78 | D:1      | Escaped the Abyss
   234 | D:1      | Reached skill level 1 in Dodging
   236 | D:1      | Reached XP level 2. HP: 15/24 MP: 3/3
   585 | D:1      | Reached * piety under Lugonu
   692 | D:1      | Found a faded altar of an unknown god.
   932 | D:1      | Reached XP level 3. HP: 26/29 MP: 4/4
  2157 | D:2      | Reached XP level 4. HP: 23/37 MP: 4/6
  2272 | D:2      | You fall into a shaft and drop 1 floor!
  2272 | D:3      | Found Qoweodau's Antique Armour Shoppe.
  2703 | D:3      | Reached ** piety under Lugonu
  2863 | D:3      | Found Opiu's General Store.
  3084 | D:3      | Found Uhisuxka's General Store.
  3110 | D:3      | Found Gittou's Book Emporium.
  3170 | D:3      | Reached XP level 5. HP: 41/42 MP: 7/7
  4597 | D:4      | Gained mutation: You are frail. (-10% HP) [potion of
                  | mutation]
  4597 | D:4      | Gained mutation: You are partially covered in iridescent
                  | scales. (AC +2) [potion of mutation]
  4718 | D:4      | Found a glowing silver altar of Zin.
  4718 | D:4      | Noticed an angel
  4733 | D:4      | Reached XP level 6. HP: 42/43 MP: 8/8
  4839 | D:4      | Found a sand-covered staircase.
  4899 | Ossuary  | Entered an ossuary
  4938 | Ossuary  | Reached *** piety under Lugonu
  5433 | Ossuary  | Reached XP level 7. HP: 27/49 MP: 9/9
  6092 | D:4      | You fall into a shaft and drop 1 floor!
  6092 | D:5      | Entered Level 5 of the Dungeon
  6257 | D:5      | Noticed Edmund
  6363 | D:6      | Slain by an ice beast

Illustrated notes

Levels and vault maps discovered:
D:1:      sevenhm_arrival_forest_fort_large_2, layout_basic,
          ebering_ecumenical_altar_box
D:2:      layout_loops_ring
D:3:      layout_basic, serial_shops, nicolae_shop_crystal, shop,
          nicolae_shop_behind_doors, nicolae_shop_waterfront
D:4:      layout_gridville, zin_angel, enter_ossuary_4, lemuel_old_faithful
D:5:      gammafunk_wand_slinger, layout_basic, uniq_grinder, uniq_edmund
D:6:      layout_basic, minmay_temple_entry_wispy, uniq_eustachio

Skill      XL: |  1  2  3  4  5  6  7 |
---------------+----------------------+-----
Dodging        | 1 2 |  2.6
Axes           | 3 4 |  4.7
Invocations    | 3 4 |  4.0
Armour         | 3 |  3.8
Fighting       | 4 |  4.5

Action                   |  1- 3 |  4- 6 |  7- 9 || total
-------------------------+-------+-------+-------++-------
Melee: Hand axe          |   102 |   177 |    60 ||   339
Invok: Depart the Abyss  |     1 |       |       ||     1
 Abil: Shaft Self        |       |     1 |       ||     1
  Use: Potion            |       |     2 |     1 ||     3
       Scroll            |       |     3 |     1 ||     4
Armor: Leather armour    |    37 |    10 |       ||    47
       Ring mail         |       |    48 |    43 ||    91
Dodge: Dodged            |    55 |    99 |    46 ||   200

Table legend: (Time is in decaauts)
 A = Elapsed time spent in this place.
 B = Non-inter-level travel time spent in this place.
 C = Inter-level travel time spent in this place.
 D = Time resting spent in this place.
 E = Time spent auto-exploring this place.
 F = Levels seen in this place.
 G = Mean time per level.
                   A        B        C        D        E       F      G
               +--------+--------+--------+--------+--------+-----+--------+
         Total |   6407 |   6200 |    207 |   1147 |   3824 |   8 |  800.9 |
       Dungeon |   5759 |   5552 |    207 |    910 |   3762 |   6 |  959.8 |
         Abyss |     78 |     78 |      0 |      0 |      0 |   1 |   78.0 |
       Ossuary |    570 |    570 |      0 |    237 |     62 |   1 |  570.0 |
               +--------+--------+--------+--------+--------+-----+--------+

Top non-repeatable levels by time:
     D:1: 2072 daAuts
     D:3: 1602 daAuts
     D:4: 937 daAuts
     D:2: 874 daAuts
 Ossuary: 570 daAuts
     D:5: 254 daAuts
 Abyss:1: 78 daAuts
     D:6: 18 daAuts
